 Dungeon Crawl Stone Soup version 0.29-a0-371-g91724d5b39 (webtiles) character file.

Game seed: 17460063221801900478

296 quokkamancerX the Gusty (level 6, -4/32 HPs)
             Began as a Tengu Air Elementalist on May 3, 2022.
             Was a Follower of Uskayaw.
             Slain by a lemure (6 damage)
             ... led by Pikel
             ... on level 4 of the Dungeon.
             The game lasted 00:16:17 (3918 turns).

quokkamancerX the Gusty (Tengu Air Elementalist)    Turns: 3918, Time: 00:16:18

Health: -4/32      AC:  3    Str:  8    XL:     6   Next: 34%
Magic:  12/22      EV: 14    Int: 17    God:    Uskayaw [*.....]
Gold:   154        SH:  0    Dex: 15    Spells: 12/13 levels left

rFire   . . .      SeeInvis .   o - +2 dagger (drain)
rCold   . . .      Faith    .   (no shield)
rNeg    . . .      Spirit   .   a - +0 robe
rPois   .          Reflect  .   (helmet restricted)
rElec   .          Harm     .   e - +0 cloak
rCorr   .          Rampage  .   (no gloves)
Will    .....                   (boots unavailable)
Stlth   ++........              (no amulet)
HPRegen 0.10/turn               n - ring of magical power
MPRegen 0.18/turn               (no ring)

@: flying quickly and evasively, very slightly contaminated, quick
A: beak, talons 3, nimble flight
a: Renounce Religion, Stomp


You were on level 4 of the Dungeon.
You worshipped Uskayaw.
Uskayaw was noncommittal.
You visited 1 branch of the dungeon, and saw 4 of its levels.

You collected 154 gold pieces.

Inventory:

Hand Weapons
 o - a +2 dagger of draining (weapon)
Armour
 a - a +0 robe (worn)
 e - a +0 cloak (worn)
Jewellery
 n - a ring of magical power (left hand)
Scrolls
 g - a scroll of immolation {unknown}
 j - 2 scrolls of identify {unknown}
 l - a scroll of teleportation {unknown}
 m - a scroll of acquirement {unknown}
Potions
 b - a potion of magic
 d - a potion of brilliance {unknown}
 f - a potion of curing {unknown}
 h - 2 potions of attraction {unknown}
 i - 2 potions of degeneration {unknown}
 k - a potion of mutation {unknown}


   Skills:
 - Level 2.1 Dodging
 - Level 2.0 Stealth
 + Level 4.4 Spellcasting
 - Level 1.3 Conjurations
 + Level 7.0 Air Magic


You had 12 spell levels left.
You knew the following spells:

 Your Spells              Type           Power      Damage    Failure   Level
a - Shock                 Conj/Air       72%        1d7       2%          1

Your spell library contained the following spells:

 Spells                   Type           Power      Damage    Failure   Level
 Swiftness                Air            27%        N/A       2%          3
 Static Discharge         Conj/Air       18%        N/A       4%          2
 Airstrike                Air            13%        N/A       9%          4


Dungeon Overview and Level Annotations

Branches:
Dungeon (4/15)
 Temple: D:4-7

Altars:
Fedhas
Gozag
Uskayaw
Wu Jian
Xom

Annotations:
D:4 Pikel


Innate Abilities, Weirdness & Mutations

You have a beak for a mouth.
You have claws for feet.
Your magical nature lets you fly swiftly and evasively.


Message History

You kill the dart slug!
The zap hits Pikel.
Pikel is lightly wounded.
The zap hits Pikel.
Pikel is lightly wounded.
The zap hits the lemure!
The lemure is moderately wounded.
You can now pass through a line of other dancers.
The zap hits Pikel.
Pikel is lightly wounded.
The zap hits the lemure.
The lemure is moderately wounded.
You miscast Shock.
You are very lightly contaminated with residual magic.
Nothing appears to happen.
A lemure comes into view. x2
Pikel hits you with a +1 whip of electrocution!
A ball python comes into view.
You are too injured to fight recklessly!
Unknown command.
Okay, then.
Aiming: Line Pass
Press: ? - help, Dir - move target, p - Pikel
Okay, then.
A lemure comes into view.
Pikel hits you with a +1 whip of electrocution!
The lemure shouts!
The ball python hisses angrily.
The lemure closely misses you.
Pikel hits you with a +1 whip of electrocution!
* * * LOW HITPOINT WARNING * * *
The lemure shouts!
The lemure hits you.
* * * LOW HITPOINT WARNING * * *
Aiming: Line Pass
Press: ? - help, Dir - move target, p - Pikel Pikel appears confused.
You can no longer pass through a line of other dancers.
The lemure hits you.
You die...

........#
....... .
#.....#
..###.....###
............#
............#..
......†.....'..
## #'####
##.####@...##..
#...)..K5......
#.........55...
#..........5...
##...#.....S...
#####.....##..
#[....##...
#.....[....
#..........


You could see Pikel (confused), 4 lemures and a ball python.

Vanquished Creatures
  Sigmund (D:2)
  An iguana (D:4)
  Terence (D:2)
  Robin (D:2)
  4 worms
  A dart slug (D:4)
  3 orcs (D:3)
  2 bats
  8 endoplasms
  17 goblins
  4 hobgoblins
  A quokka (D:1)
  2 ball pythons
  3 frilled lizards
  3 kobolds
  6 rats
58 creatures vanquished.

Notes
Turn   | Place    | Note
-------+----------+-------------------------------------------
     0 | D:1      | quokkamancerX the Tengu Air Elementalist began the quest
                  | for the Orb.
     0 | D:1      | Reached XP level 1. HP: 10/10 MP: 4/4
   281 | D:1      | Reached XP level 2. HP: 15/15 MP: 6/6
   340 | D:1      | Found a faded altar of an unknown god.
   957 | D:1      | Prayed at the altar of an unknown god.
   957 | D:1      | Became a worshipper of Uskayaw the Reveller
   957 | D:1      | Reached * piety under Uskayaw
   994 | D:2      | Reached ** piety under Uskayaw
  1341 | D:2      | Noticed Terence
  1356 | D:2      | Killed Terence
  1357 | D:2      | Reached skill level 5 in Air Magic
  1357 | D:2      | Reached XP level 3. HP: 9/19 MP: 0/8
  1808 | D:2      | Reached XP level 4. HP: 24/24 MP: 1/9
  2016 | D:2      | Found a shimmering altar of Xom.
  2043 | D:2      | Noticed Sigmund
  2050 | D:2      | Reached *** piety under Uskayaw
  2058 | D:2      | Killed Sigmund
  2059 | D:2      | Reached skill level 6 in Air Magic
  2059 | D:2      | Gained mutation: Your magical nature lets you fly swiftly
                  | and evasively. [Tengu growth]
  2059 | D:2      | Reached XP level 5. HP: 16/28 MP: 1/12
  2410 | D:3      | Noticed Robin
  2426 | D:2      | Killed Robin
  2427 | D:2      | Reached XP level 6. HP: 24/32 MP: 8/13
  2672 | D:3      | Found an opulent altar of Gozag.
  3305 | D:3      | Found an ornate altar of the Wu Jian Council.
  3493 | D:3      | Found a blossoming altar of Fedhas.
  3619 | D:4      | Reached skill level 7 in Air Magic
  3907 | D:4      | Noticed Pikel
  3917 | D:4      | HP: 1/32 [lemure[Pikel] (3)]
  3918 | D:4      | Slain by a lemure

Illustrated notes

Levels and vault maps discovered:
D:1:      mrwooster_arrival_statue, layout_basic,
          hellmonk_ecumenical_altar_lost_god, minivault_25
D:2:      layout_loops_ring, basic_altar, uniq_sigmund, uniq_terence
D:3:      layout_loops_cross, old_standard_altar, fedhas_altar_4,
          nicolae_wu_jian_immortal_techniques, uniq_robin
D:4:      layout_gridville, serial_glass, glass_columns_b, glass_columns_a,
          minmay_close_crescents, uniq_duvessa, uniq_grinder, uniq_edmund,
          uniq_pikel

Skill      XL: |  1  2  3  4  5  6 |
---------------+-------------------+-----
Air Magic      | 5 6 7 |  7.0
Spellcasting   | 3 4 |  4.4
Dodging        | |  2.1
Stealth        | |  2.0
Conjurations   | |  1.3

Action                   |  1- 3 |  4- 6 || total
-------------------------+-------+-------++-------
Melee: Dagger            |    19 |    14 ||    33
       Kick              |     8 |     4 ||    12
       Peck              |     3 |     3 ||     6
       Punch             |       |     1 ||     1
 Cast: Shock             |    36 |    77 ||   113
Invok: Line Pass         |       |     1 ||     1
 Stab: Sleeping          |     4 |       ||     4
Armor: Robe              |     2 |     4 ||     6
Dodge: Dodged            |     7 |    13 ||    20

Table legend: (Time is in decaauts)
 A = Elapsed time spent in this place.
 B = Non-inter-level travel time spent in this place.
 C = Inter-level travel time spent in this place.
 D = Time resting spent in this place.
 E = Time spent auto-exploring this place.
 F = Levels seen in this place.
 G = Mean time per level.
                   A        B        C        D        E       F      G
               +--------+--------+--------+--------+--------+-----+--------+
         Total |   3813 |   3691 |    122 |    727 |   2265 |   4 |  953.2 |
       Dungeon |   3813 |   3691 |    122 |    727 |   2265 |   4 |  953.2 |
               +--------+--------+--------+--------+--------+-----+--------+

Top non-repeatable levels by time:
     D:2: 1484 daAuts
     D:3: 1024 daAuts
     D:1: 1005 daAuts
     D:4: 299 daAuts
